 Dungeon Crawl Stone Soup version 0.29.1-4-g47bece8355 (webtiles) character file.

Game seed: 17250265996712447358

2975 fishmans the Basher (level 9, -1/51 HPs)
             Began as a Gargoyle Fighter on Dec 9, 2022.
             Was a Believer of Okawaru.
             Slain by a yak (11 damage)
             ... on level 9 of the Dungeon.
             The game lasted 00:33:23 (8937 turns).

fishmans the Basher (Gargoyle Fighter)              Turns: 8937, Time: 00:33:24

Health: -1/51      AC: 22    Str: 23    XL:     9   Next: 82%
Magic:  9/9        EV: 10    Int: 10    God:    Okawaru [**....]
Gold:   293        SH:  4    Dex: 13    Spells: 8/8 levels left

rFire   . . .      SeeInvis .   p - +0 morningstar
rCold   . . .      Faith    .   c - +0 buckler
rNeg    + . .      Spirit   .   e - +0 plate armour "Keang" {Dex+4}
rPois   ∞          Reflect  .   s - +0 helmet
rElec   +          Harm     .   (no cloak)
rCorr   .          Rampage  .   (no gloves)
Will    .....                   D - +2 pair of boots
Stlth   ..........              (no amulet)
HPRegen 0.17/turn               A - +4 ring of evasion
MPRegen 0.11/turn               (no ring)

@: no status effects
A: sickness immunity, AC +6, negative energy resistance 1, electricity
resistance, torment resistance 1, petrification resistance
a: Renounce Religion, Heroism


You were on level 9 of the Dungeon.
You worshipped Okawaru.
Okawaru was pleased with you.
You visited 1 branch of the dungeon, and saw 9 of its levels.

You collected 293 gold pieces.

Inventory:

Hand Weapons
 a - a +0 flail of flaming
 d - a +0 dire flail
 p - a +0 morningstar (weapon)
Missiles
 h - 34 poisoned darts (quivered)
 k - 5 curare-tipped darts
 q - a throwing net
Armour
 b - a +0 scale mail
 c - a +0 buckler (worn)
 e - the +0 plate armour "Keang" (worn) {Dex+4}
   (You acquired it on level 1 of the Dungeon)

   Dex:       It affects your dexterity (+4).
 l - a +0 pair of boots
 s - a +0 helmet (worn)
 D - a +2 pair of boots (worn)
Jewellery
 u - a ring of flight
 A - a +4 ring of evasion (left hand)
 F - a +4 ring of evasion
Wands
 m - a wand of polymorph (9)
Scrolls
 r - 2 scrolls of magic mapping
 t - 3 scrolls of amnesia
 w - a scroll of enchant weapon
 y - a scroll of poison
 E - a scroll of enchant armour {unknown}
Potions
 f - 3 potions of cancellation
 g - 2 potions of mutation
 i - 5 potions of curing
 n - 2 potions of lignification
 x - a potion of brilliance
 z - a potion of haste {unknown}
 B - a potion of berserk rage {unknown}
 C - a potion of flight {unknown}


   Skills:
 - Level 3.2 Fighting
 + Level 13.3 Maces & Flails
 - Level 3.2 Armour
 - Level 3.2 Shields


You had 8 spell levels left.
You didn't know any spells.
Your spell library contained the following spells:

 Spells                   Type           Power      Damage    Failure   Level
 Slow                     Hex            0%         N/A       100%        1
 Blink                    Tloc           0%         N/A       100%        2
 Confusing Touch          Hex            0%         N/A       100%        3
 Lesser Beckoning         Tloc           0%         N/A       100%        3
 Vampiric Draining        Necr           0%         2d6       100%        3
 Passage of Golubria      Tloc           0%         N/A       100%        4
 Manifold Assault         Tloc           0%         N/A       100%        5
 Yara's Violent Unravell  Hex/Tmut       0%         3d3       100%        5
 Conjure Ball Lightning   Conj/Air       0%         3x3d6     100%        6
 Discord                  Hex            0%         N/A       100%        8
 Disjunction              Tloc           0%         N/A       100%        8
 Tukima's Dance           Hex            Unusable   N/A       N/A         3

Dungeon Overview and Level Annotations

Branches:
Dungeon (9/15)             Temple (0/1) D:7
   Lair: D:8-11         Orc: D:9-12

Altars:
Kikubaaqudgha
Okawaru
Uskayaw

Shops:
D:6 *

Annotations:
D:8 2 transporters, sanboga's ghost, novice FeBe


Innate Abilities, Weirdness & Mutations

You are immune to sickness and miasma.
Your stone body is resilient. (AC +6)
You are immune to poison.
You resist negative energy. (rN+)
You are resistant to electric shocks. (rElec)
You are resistant to unholy torment.
You are immune to petrification.


Message History

Aim: an orc, wielding a +0 war axe and wearing a +0 leather armour (heavily wounded, fleeing, poisoned, 57% to hit)
You throw a poisoned dart.
The poisoned dart closely misses the orc.
You kill the orc!
A yak comes into view.
The yak bellows!
You hear a bellow! x2
A yak comes into view.
The yak bellows!
The killer bee buzzes angrily.
A yak comes into view.
A yak comes into view.
The killer bee stings you but does no damage.
The killer bee barely misses you. You block the killer bee's attack.
The killer bee barely misses you.
The killer bee stings you but does no damage.
You see here a poisoned dart.
The killer bee stings you but does no damage.
The killer bee closely misses you.
You see here a poisoned dart.
A yak comes into view.
The killer bee stings you but does no damage.
The killer bee attacks as you move away!
The killer bee stings you but does no damage.
A yak comes into view.
The yak gores you but does no damage. The killer bee closely misses you.
You see here 3 poisoned darts.
The yak attacks as you move away! The yak gores you but does no damage.
A killer bee comes into view.
The killer bee buzzes angrily.
You hear an angry buzzing noise.
The centaur shoots an arrow.
You block the arrow. You block the killer bee's attack.
The yak attacks as you move away!
The yak gores you. 2 killer bees come into view.
Found a ring mail.
The yak bellows!
The killer bee buzzes angrily.
The centaur shoots an arrow.
The arrow closely misses you. The killer bee stings you.
* * * LOW HITPOINT WARNING * * *
The yak attacks as you move away! The yak gores you!
You die...

#..........).#
#............#
#.............#
#...........(.#
#...........(.#
#......Y......#
##......Y...(Y#
.........YYYy#
...........@#
###...............
##........y..y.y
##..........y.[
#.............
.......c.......
...............
...............#


You could see 6 yaks, a centaur and 5 killer bees.

Vanquished Creatures
  A hornet (D:7)
  A wraith (D:9)
  Menkaure (D:7)
  4 water moccasins
  An orc warrior (D:6)
  A sky beast (D:7)
  An ice beast (D:8)
  An ogre (D:4)
  4 centaurs
  2 kobold brigands (D:6)
  A gnoll sergeant (D:6)
  2 necrophages
  2 scorpions
  A killer bee (D:9)
  2 howler monkeys
  A hound (D:6)
  2 orc priests (D:6)
  3 jellies
  5 orc wizards
  8 iguanas
  Robin (D:4)
  8 gnolls (D:6)
  6 adders
  A shadow imp (D:8)
  A white imp (D:7)
  An ufetubus (D:7)
  3 worms
  4 dart slugs
  23 orcs
  9 ball pythons
  3 endoplasms
  3 giant cockroaches
  14 goblins
  11 hobgoblins
  6 jackals
  3 quokkas
  7 bats
  3 frilled lizards
  16 kobolds
  2 rats
169 creatures vanquished.

Vanquished Creatures (others)
  An orc wizard (D:9)
1 creature vanquished.

Grand Total: 170 creatures vanquished

Notes
Turn   | Place    | Note
-------+----------+-------------------------------------------
     0 | D:1      | fishmans the Gargoyle Fighter began the quest for the Orb.
     0 | D:1      | Reached XP level 1. HP: 14/14 MP: 1/1
   134 | D:1      | Reached XP level 2. HP: 19/19 MP: 2/2
   453 | D:1      | Reached skill level 3 in Maces & Flails
   949 | D:1      | Reached XP level 3. HP: 23/23 MP: 3/3
  1247 | D:1      | Identified a scroll of acquirement
  1247 | D:1      | Acquired the +0 plate armour "Keang" {Dex+4}
  1295 | D:2      | Found a faded altar of an unknown god.
  1835 | D:2      | Reached skill level 4 in Maces & Flails
  1893 | D:2      | Reached XP level 4. HP: 27/28 MP: 4/4
  2060 | D:2      | Noticed a black bear
  2201 | D:3      | Found an ancient bone altar of Kikubaaqudgha.
  2725 | D:3      | Reached skill level 5 in Maces & Flails
  3036 | D:4      | Reached XP level 5. HP: 31/32 MP: 5/5
  3064 | D:4      | Noticed Robin
  3109 | D:4      | Killed Robin
  3267 | D:4      | Reached skill level 6 in Maces & Flails
  3413 | D:4      | Reached XP level 6. HP: 37/37 MP: 6/6
  4058 | D:5      | Entered Level 5 of the Dungeon
  4068 | D:4      | Reached skill level 7 in Maces & Flails
  4324 | D:5      | Reached XP level 7. HP: 41/41 MP: 7/7
  4779 | D:5      | Reached skill level 8 in Maces & Flails
  5296 | D:6      | Found a hide-covered altar of Uskayaw.
  5335 | D:6      | Reached skill level 9 in Maces & Flails
  5335 | D:6      | Reached XP level 8. HP: 41/46 MP: 8/8
  5664 | D:6      | Found an iron altar of Okawaru.
  5672 | D:6      | Became a worshipper of Warmaster Okawaru
  5705 | D:6      | Found Oserch's General Store.
  5848 | D:6      | Reached skill level 10 in Maces & Flails
  6434 | D:6      | Reached skill level 11 in Maces & Flails
  6954 | D:6      | Reached XP level 9. HP: 51/51 MP: 9/9
  7274 | D:7      | Reached * piety under Okawaru
  7286 | D:7      | Found a staircase to the Ecumenical Temple.
  7336 | D:7      | Noticed Menkaure
  7343 | D:7      | Killed Menkaure
  7531 | D:7      | Reached skill level 12 in Maces & Flails
  8033 | D:7      | Noticed a hornet
  8043 | D:7      | Killed a hornet
  8356 | D:8      | Found a transporter.
  8360 | D:8      | Noticed sanboga's ghost (novice FeBe)
  8561 | D:8      | Found a transporter.
  8890 | D:9      | Reached ** piety under Okawaru
  8891 | D:9      | Reached skill level 13 in Maces & Flails
  8937 | D:9      | Slain by a yak

Illustrated notes

Levels and vault maps discovered:
D:1:      dpeg_arrival_more_subterranean_lakeside_camping, layout_basic,
          minmay_close_crescents
D:2:      layout_basic, basic_ecumenical_altar
D:3:      layout_basic, mainiacjoe_overflow_concentric_impassable,
          amcnicky_mini_rare_corridor_liquid, minmay_pentomino_pile
D:4:      layout_basic, nzn_overflow_gifts_of_might_and_magic, uniq_robin
D:5:      layout_cave_pools, kennysheep_cluttered_room
D:6:      layout_loops_ring, lemuel_coloured_pillars_altar,
          nicolae_uskayaw_dance_studio, serial_shops, nicolae_shop_trees,
          grunt_ministairs_13, minivault_5, kennysheep_generic_room_8
D:7:      layout_gridville, minmay_temple_entry_ruins, uniq_menkaure
D:8:      layout_basic, gammafunk_ghost_arena, kennysheep_kite_vault
D:9:      layout_cave_pods, nemelex_diamond_rough_becter, uniq_grum, uniq_pikel

Skill      XL: |  1  2  3  4  5  6  7  8  9 |
---------------+----------------------------+-----
Maces & Flails | 3 4 5 6 7 9 11 13 | 13.3
Fighting       | |  3.2
Armour         | |  3.2
Shields        | |  3.2

Action                   |  1- 3 |  4- 6 |  7- 9 || total
-------------------------+-------+-------+-------++-------
Melee: Flail             |   119 |    21 |       ||   140
       Morningstar       |       |   149 |   335 ||   484
Throw: Dart              |       |     4 |    11 ||    15
Invok: Heroism           |       |       |     1 ||     1
  Use: Scroll            |     1 |     9 |     9 ||    19
       Potion            |       |     1 |    11 ||    12
 Stab: Distracted        |       |     1 |       ||     1
Armor: Scale mail        |    40 |       |       ||    40
       Plate armour      |    50 |   104 |   272 ||   426
Dodge: Dodged            |    54 |    41 |   142 ||   237
Block: Buckler           |    35 |    26 |    88 ||   149
